 Dungeon Crawl Stone Soup version 0.22-a0-542-gce4f928 (webtiles) character file.

41127 kae the Martial Artist (level 13, -5/99 HPs)
             Began as a Demonspawn Transmuter on June 24, 2018.
             Was a High Priest of Okawaru.
             Slain by a death yak (19 damage)
             ... on level 6 of the Lair of Beasts.
             The game lasted 00:27:51 (21532 turns).

kae the Martial Artist (Demonspawn Transmuter)     Turns: 21532, Time: 00:27:51

Health: -5/99      AC: 14    Str: 10    XL:     13   Next: 78%
Magic:  21/25      EV: 18    Int: 15    God:    Okawaru [*****.]
Gold:   804        SH:  0    Dex: 26    Spells: 13/28 levels left

rFire    . . .     SeeInvis .     - Unarmed
rCold    + . .     Gourm    .   (shield currently unavailable)
rNeg     + . .     Faith    .   J - +1 ring mail of Zoth {-Tele rN+ rCorr Slay+6}
rPois    .         Spirit   .   H - +2 hat
rElec    .         Reflect  .   O - scarf {cloud immunity}
rCorr    +         Harm     .   (gloves currently unavailable)
MR       .....     NoTele   +   (no boots)
Stlth    +++.......             (no amulet)
HPRegen  0.26/turn              C - +4 ring of dexterity
MPRegen  0.19/turn              v - +3 ring of dexterity

@: blade hands, heroism
A: horns 2, icy blue scales 3, demonic guardian 1, powered by death 2
a: End Transformation, Heroism, Finesse, Renounce Religion


You were on level 6 of the Lair of Beasts.
You worshipped Okawaru.
Okawaru was extremely pleased with you.
You were hungry.
You had blades for hands.
You visited 2 branches of the dungeon, and saw 15 of its levels.

You collected 804 gold pieces.

Inventory:

Missiles
 a - 158 arrows
Armour
 n - the +2 ring mail of Greed {rElec rN+}
   (You found it on level 7 of the Dungeon)

   It insulates you from electricity.
   It protects you from negative energy.
 q - a +1 pair of gloves (melded)
 s - a +1 buckler (melded)
 A - the cursed +1 plate armour of Articulation {rN+ rCorr Dex+4 Stlth-, unknown}
   (You found it on level 9 of the Dungeon)

   It affects your dexterity (+4).
   It protects you from negative energy.
   It protects you from acid and corrosion.
   It makes you less stealthy.
   It has a curse placed upon it.
 E - the +4 buckler of Okawaru {Str+4 SInv, unknown}
   (Okawaru gifted it to you on level 6 of the Lair of Beasts)

   It affects your strength (+4).
   It lets you see invisible.
 H - a +2 hat (worn)
 J - the +1 ring mail of Zoth (worn) {-Tele rN+ rCorr Slay+6}
   (You found it on level 3 of the Lair of Beasts)

   It affects your accuracy and damage with ranged weapons and melee attacks
   (+6).
   It protects you from negative energy.
   It prevents most forms of teleportation.
   It protects you from acid and corrosion.
 O - a scarf of cloud immunity (worn)
Jewellery
 c - an uncursed ring of fire
 f - the ring "Faif" {+Blink Str+3}
   (You acquired it on level 7 of the Dungeon)

   [ring of strength]

   It affects your strength (+3).
   It lets you blink.
 r - an uncursed ring of protection from fire
 v - a +3 ring of dexterity (right scythe-like blade)
 y - an uncursed ring of protection from fire
 C - a +4 ring of dexterity (left scythe-like blade)
 I - an uncursed amulet of rage
 K - a +2 ring of protection
Wands
 k - a wand of disintegration (13)
 w - a wand of flame (75)
 D - a wand of polymorph (32)
 M - a wand of paralysis (11)
 P - a wand of random effects (23)
Scrolls
 b - 2 scrolls of magic mapping
 e - 3 scrolls of blinking
 i - 4 scrolls of remove curse
 o - 4 scrolls of amnesia
 L - a scroll of teleportation
 Q - a scroll of fear
Potions
 g - 2 potions of resistance
 h - 2 potions of invisibility
 j - 4 potions of flight
 l - 2 potions of ambrosia
 m - 2 potions of agility
 p - 3 potions of lignification
 t - 2 potions of magic
 u - a potion of brilliance
 x - 2 potions of haste
 z - 2 potions of curing
 F - 2 potions of heal wounds
 G - 2 potions of might
 R - a potion of mutation {unknown}
Comestibles
 d - 30 rations


   Skills:
 + Level 8.6(13.6) Fighting
 + Level 6.9(11.9) Armour
 + Level 4.0(9.0) Dodging
 - Level 4.0(9.0) Shields
 * Level 11.5(16.5) Unarmed Combat
 - Level 8.0 Spellcasting
 * Level 11.3 Transmutations
 - Level 10.0 Invocations


You had 13 spell levels left.
You knew the following spells:

 Your Spells              Type           Power        Failure   Level  Hunger
a - Beastly Appendage     Tmut           #####.       9%          1    None
b - Sticks to Snakes      Tmut           #####...     11%         2    None
c - Spider Form           Tmut/Pois      ###.......   38%         3    ##.....
d - Blade Hands           Tmut           #####.....   36%         5    #####..
e - Ice Form              Ice/Tmut       ###.....     65%         4    ####...

Your spell library contained the following spells:

 Spells                   Type           Power        Failure   Level  Hunger
 Cause Fear               Hex            #.........   99%         4    ####...
 Fireball                 Conj/Fire      #.........   100%        5    #####..
 Conjure Flame            Conj/Fire      #.......     90%         3    ##.....
 Slow                     Hex            #.......     77%         2    None
 Throw Flame              Conj/Fire      #.....       77%         2    None
 Mephitic Cloud           Conj/Pois/Air  #.......     90%         3    ##.....
 Sticky Flame             Conj/Fire      #.......     99%         4    ####...
 Swiftness                Chrm/Air       #.......     77%         2    None
 Deflect Missiles         Chrm/Air       #.........   100%        6    #######
 Airstrike                Air            #.........   99%         4    ####...
 Silence                  Hex/Air        #.........   100%        5    #####..
 Corona                   Hex            #......      67%         1    None
 Portal Projectile        Hex/Tloc       #.....       90%         3    ##.....
 Leda's Liquefaction      Hex/Erth       #.........   99%         4    ####...
 Inner Flame              Hex/Fire       #.......     90%         3    ##.....
 Iskenderun's Battlesphe  Conj/Chrm      #.......     100%        5    #####..
 Force Lance              Conj/Tloc      #.......     99%         4    ####...
 Discord                  Hex            #.........   100%        8    #######
 Spellforged Servitor     Conj/Summ      #.........   100%        7    #######
 Yara's Violent Unravell  Hex/Tmut       ###.......   89%         5    #####..


Dungeon Overview and Level Annotations

Branches:
Dungeon (9/15)             Temple (0/1) D:6            Lair (6/6) D:9
  Swamp (0/4) Lair:3        Snake (0/4) Lair:4          Orc (0/2) D:9
  Slime: Lair:5-6

Altars:
Ashenzari
Cheibriados
Dithmenos
Elyvilon
Fedhas
Hepliaklqana
Kikubaaqudgha
Makhleb
Nemelex Xobeh
Okawaru
Qazlal
Ru
Wu Jian
Xom
Zin

Shops:
D:6 }

Annotations:
D:5 1 runed door, kae's ghost, novice DsTm
Lair:2 exclusion: oklob plant
Lair:3 exclusion: oklob plant


Innate Abilities, Weirdness & Mutations

You have a pair of horns on your head.
You are completely covered in icy blue scales. (AC +4, rC+)
A weak demonic guardian rushes to your aid.
You regenerate health from kills.


Message History

The death yak is lightly wounded.
The death yak gores you! The death yak gores you.
Your iron imp barely misses the death yak.
You slice the death yak!!
The death yak is moderately wounded.
The death yak gores you but does no damage.
The death yak misses you.
You hit the death yak.
The death yak is moderately wounded.
Your iron imp hits the death yak.
The death yak gores you! The death yak gores you!!
* * * LOW HITPOINT WARNING * * *
The death yak gores your iron imp!
Your iron imp hits the death yak but does no damage.
The death yak gores your iron imp!
Your iron imp dies!
You are feeling hungry.
A bullfrog comes into view.
The death yak gores you!!
You die...

............................
...##.......................
.####.....##................ ##
###....###.............. #
##..†.# #.............. #
#....#####............. #
#......#.#............. ##
###.....#.#.......†......
.###..#..<......@YY.........
...................Y........
...................Y...F....
........##.#.....##....#.... F
.#.....###..#.######..###### ..
.......##########.######.## ...
........###.#..P..P##.#...###....
.................................
.................................


You could see 4 death yaks and a bullfrog (wandering).

Vanquished Creatures
  7 hydras
  2 two-headed ogres (D:9)
  2 death yaks (Lair:6)
  Urug (Lair:5)
  Sonja (Lair:3)
  A wizard (D:9)
  A cyclops (D:9)
  4 elephants (Lair:5)
  4 black mambas
  A torpor snail (Lair:4)
  18 spiny frogs
  3 rime drakes
  5 komodo dragons
  2 tyrant leeches (Lair:6)
  A polar bear (Lair:5)
  Prince Ribbit (D:5)
  21 blink frogs
  5 dream sheep (Lair:6)
  A bog body (Lair:3)
  2 hippogriffs
  3 hogs (D:7)
  28 yaks
  2 basilisks
  2 hungry ghosts
  6 vampire mosquitoes (Lair:6)
  A human (D:7)
  2 nagas (Lair:4)
  3 swamp worms (Lair:3)
  Duvessa (D:7)
  9 water moccasins
  10 porcupines
  3 orc warriors
  2 sky beasts (D:9)
  3 black bears (D:9)
  A phantom (D:8)
  An eye of draining (D:9)
  6 wolves
  4 ogres
  8 crocodiles
  6 centaurs
  A big kobold (D:8)
  24 bullfrogs
  Dowan (D:7)
  A hornet simulacrum (D:9)
  6 killer bees (D:9)
  5 wights (D:8)
  2 electric eels
  2 howler monkeys (D:7)
  2 crimson imps
  A quasit (D:8)
  4 hounds
  6 orc wizards
  3 orc priests
  A jelly (Lair:6)
  Crazy Yiuf (D:6)
  2 centaur skeletons
  4 iguanas
  4 worker ants
  A hound skeleton (D:4)
  A mummy (D:9)
  9 adders
  A howler monkey skeleton (D:6)
  5 shadow imps
  4 oozes
  2 adder skeletons
  An adder zombie (D:5)
  2 worms
  A dart slug (D:2)
  5 leopard geckos
  33 orcs
  A ball python (D:4)
  6 bats
  4 giant cockroaches
  14 goblins
  17 hobgoblins
  11 jackals
  7 quokkas
  5 frilled lizards
  21 kobolds
  A leopard gecko skeleton (D:4)
  5 rats
411 creatures vanquished.

Vanquished Creatures (collateral kills)
  A fire crab (Lair:6)
  2 spiny frogs (Lair:6)
  2 blink frogs (Lair:4)
  A yak (Lair:3)
  A basilisk (D:9)
7 creatures vanquished.

Vanquished Creatures (others)
  24 fungi
  87 plants
111 creatures vanquished.

Grand Total: 529 creatures vanquished

Notes
Turn   | Place    | Note
-------+----------+-------------------------------------------
     0 | D:1      | kae the Demonspawn Transmuter began the quest for the Orb.
     0 | D:1      | Reached XP level 1. HP: 15/15 MP: 3/3
    83 | D:1      | Gained mutation: You are partially covered in icy blue scales. (AC +2) [demonic ancestry]
    83 | D:1      | Reached XP level 2. HP: 18/21 MP: 5/5
   583 | D:1      | Learned a level 2 spell: Sticks to Snakes
  1272 | D:2      | Found a sparkling altar of Nemelex Xobeh.
  1284 | D:2      | Reached XP level 3. HP: 20/26 MP: 4/6
  1888 | D:2      | Found a blossoming altar of Fedhas.
  1888 | D:2      | Found a hazy altar of Hepliaklqana.
  1957 | D:3      | Found an iron altar of Okawaru.
  2002 | D:3      | Gained mutation: You have a pair of small horns on your head. [demonic ancestry]
  2002 | D:3      | Reached XP level 4. HP: 13/33 MP: 7/7
  2028 | D:3      | Became a worshipper of Warmaster Okawaru
  2602 | D:3      | Gained mutation: You regenerate a little health from kills. [demonic ancestry]
  2602 | D:3      | Reached XP level 5. HP: 11/38 MP: 4/9
  3026 | D:2      | Learned a level 3 spell: Spider Form
  3226 | D:3      | Reached skill level 1 in Invocations
  3608 | D:3      | Found a white marble altar of Elyvilon.
  3922 | D:4      | Gained mutation: You regenerate health from kills. [demonic ancestry]
  3922 | D:4      | Reached XP level 6. HP: 33/44 MP: 1/10
  4072 | D:4      | Reached * piety under Okawaru
  4264 | D:4      | Found an ancient bone altar of Kikubaaqudgha.
  4499 | D:4      | Reached XP level 7. HP: 38/51 MP: 11/11
  4759 | D:4      | Found a shadowy altar of Dithmenos.
  4900 | D:5      | Entered Level 5 of the Dungeon
  5390 | D:5      | Noticed Prince Ribbit
  5407 | D:5      | Killed Prince Ribbit
  5407 | D:5      | Reached skill level 5 in Unarmed Combat
  5412 | D:5      | Found a runed door.
  5435 | D:5      | Noticed kae's ghost (novice DsTm)
  5490 | D:5      | Reached ** piety under Okawaru
  5490 | D:5      | Reached XP level 8. HP: 42/58 MP: 13/13
  5946 | D:5      | Reached skill level 5 in Transmutations
  6497 | D:6      | Found a staircase to the Ecumenical Temple.
  6669 | D:6      | Found Gituolai's Gadget Emporium.
  7128 | D:6      | Found a runed door.
  7221 | D:6      | Noticed Crazy Yiuf
  7228 | D:6      | Killed Crazy Yiuf
  7320 | D:7      | Identified a scroll of acquirement
  7321 | D:7      | Got a serpentine granite ring
  7323 | D:7      | Identified the ring "Faif" {+Blink Str+3} (You acquired it on level 7 of the Dungeon)
  7329 | D:7      | Got a translucent ring mail
  7345 | D:7      | Identified the +2 ring mail of Greed {rElec rN+} (You found it on level 7 of the Dungeon)
  7362 | D:7      | Found a glowing silver altar of Zin.
  7365 | D:7      | Noticed an angel
  7370 | D:7      | Found a shimmering altar of Xom.
  7402 | D:7      | Found a stormy altar of Qazlal.
  7409 | D:7      | Noticed Duvessa
  7413 | D:7      | Noticed Dowan
  7428 | D:7      | Killed Duvessa
  7440 | D:7      | Killed Dowan
  7597 | D:7      | Reached skill level 5 in Invocations
  7964 | D:7      | Reached skill level 1 in Armour
  7964 | D:7      | Reached XP level 9. HP: 61/65 MP: 9/15
  7974 | D:7      | Reached *** piety under Okawaru
  8444 | D:8      | Reached skill level 5 in Spellcasting
  8706 | D:8      | Reached skill level 5 in Fighting
  8876 | D:8      | Found a burning altar of Makhleb.
  9269 | D:9      | Reached **** piety under Okawaru
  9481 | D:9      | Gained mutation: You are mostly covered in icy blue scales. (AC +3) [demonic ancestry]
  9481 | D:9      | Reached XP level 10. HP: 59/74 MP: 17/17
  9493 | D:9      | Noticed a cyclops
  9498 | D:9      | Noticed a wizard
  9563 | D:9      | Noticed a two-headed ogre
  9577 | D:9      | Killed a two-headed ogre
  9600 | D:9      | Identified the Guide on Floating Arcane Weapons
  9603 | D:9      | Identified Ynwoulu's Grimoire of Cloudy Ignition
  9741 | D:9      | Got an encrusted plate armour
  9765 | D:9      | Killed a wizard
  9765 | D:9      | Reached ***** piety under Okawaru
  9818 | D:9      | Found a staircase to the Orcish Mines.
 10093 | D:9      | Found a staircase to the Lair.
 10425 | D:9      | Found an ornate altar of the Wu Jian Council.
 10427 | D:9      | Found a shattered altar of Ashenzari.
 10486 | D:9      | Received a gift from Okawaru
 10662 | D:9      | Noticed a two-headed ogre
 10673 | D:9      | Killed a two-headed ogre
 10920 | D:9      | Found a sacrificial altar of Ru.
 11132 | D:9      | Killed a cyclops
 11132 | D:9      | Gained mutation: You have a pair of horns on your head. [demonic ancestry]
 11132 | D:9      | Reached XP level 11. HP: 61/81 MP: 18/20
 11621 | D:9      | Found a snail-covered altar of Cheibriados.
 11677 | Lair:1   | Entered Level 1 of the Lair of Beasts
 12257 | Lair:1   | Learned a level 5 spell: Blade Hands
 13035 | Lair:2   | Reached skill level 1 in Shields
 13306 | Lair:2   | Noticed an oklob plant
 13399 | Lair:2   | Received a gift from Okawaru
 14624 | Lair:3   | Noticed a seven-headed hydra
 15304 | Lair:3   | Noticed Sonja
 15490 | Lair:3   | Killed Sonja
 15573 | Lair:3   | Learned a level 4 spell: Ice Form
 15666 | Lair:3   | Killed a seven-headed hydra
 16346 | Lair:3   | Reached skill level 5 in Armour
 16394 | Lair:3   | Noticed a four-headed hydra
 16410 | Lair:3   | Killed a four-headed hydra
 16448 | Lair:3   | Gained mutation: A weak demonic guardian rushes to your aid. [demonic ancestry]
 16448 | Lair:3   | Reached XP level 12. HP: 49/91 MP: 19/22
 16863 | Lair:3   | Found a staircase to the Swamp.
 17468 | Lair:3   | Got a faintly glowing ring mail
 17479 | Lair:3   | Identified the cursed +1 ring mail of Zoth {-Tele rN+ rCorr Slay+6} (You found it on level 3 of the Lair of Beasts)
 17564 | Lair:4   | Found a staircase to the Snake Pit.
 17755 | Lair:4   | Reached skill level 10 in Unarmed Combat
 17952 | Lair:4   | Received a gift from Okawaru
 17966 | Lair:4   | Reached skill level 10 in Transmutations
 18278 | Lair:4   | Noticed a six-headed hydra
 18290 | Lair:4   | Killed a six-headed hydra
 18599 | Lair:5   | Noticed a four-headed hydra
 18607 | Lair:5   | Killed a four-headed hydra
 18669 | Lair:5   | Noticed an eight-headed hydra
 18683 | Lair:5   | Killed an eight-headed hydra
 19063 | Lair:5   | Noticed a seven-headed hydra
 19079 | Lair:5   | Killed a seven-headed hydra
 19419 | Lair:5   | Noticed Urug
 19430 | Lair:5   | Killed Urug
 19646 | Lair:5   | Gained mutation: You are completely covered in icy blue scales. (AC +4, rC+) [demonic ancestry]
 19646 | Lair:5   | Reached XP level 13. HP: 96/98 MP: 24/24
 19821 | Lair:5   | Reached skill level 10 in Invocations
 20534 | Lair:6   | Entered Level 6 of the Lair of Beasts
 20706 | Lair:6   | Received a gift from Okawaru
 21362 | Lair:6   | Reached ****** piety under Okawaru
 21362 | Lair:6   | Received a gift from Okawaru
 21367 | Lair:6   | Got a dazzling buckler {god gift}
 21532 | Lair:6   | Slain by a death yak

Vault maps used:
D:1:      shiori_shiawase
D:2:      nemelex_xobeh_ov_fountains_minmay, gammafunk_temple_overflow_wave,
          first_ration
D:3:      cheibrodos_greedy_goblins, elyvilon_altar_1, okawaru_gym_becter
D:4:      lemuel_round_altar, grunt_dithmenos_smoke_and_mirrors
D:5:      gammafunk_ghost_grave, uniq_prince_ribbit1
D:6:      minmay_temple_entry_large_hall, serial_shops, shop,
          uniq_crazy_yiuf_cottage
D:7:      grunt_temple_overflow_order_and_chaos_1, basic_altar, grunt_livestock,
          uniq_duvessa
D:8:      kennysheep_kobold_camp, kennysheep_little_box,
          minmay_misc_feat_columns
D:9:      minmay_the_grid_octo_triangle, slow_altar_2,
          chequers_temple_overflow_statue_of_worship, minmay_lair_entry_grove,
          basic_altar
Lair:2:   minmay_lair_oklob_bushes, lemuel_fruit_tree
Lair:3:   nicolae_swamp_entry_splash_gauntlet, infiniplex_staircase_pool_2,
          minmay_lair_oklob_chamber, uniq_sonja
Lair:4:   guppyfry_snake_entry_island, lemuel_fruit_fields
Lair:5:   uniq_urug
Lair:6:   minmay_lair_end_frog_pond, minmay_slime_entry_jelly_boxes,
          serial_bayou_lagoon_a, infiniplex_staircase_pool

Skill      XL: |  1  2  3  4  5  6  7  8  9 10 11 12 13 |
---------------+----------------------------------------+-----
Transmutations | 2 3 4 6 7 8 9 10 11 | 11.3
Unarmed Combat | 3 4 5 6 7 8 9 10 11 | 11.5
Fighting       | 2 3 4 5 6 7 8 |  8.6
Invocations    | 1 2 3 5 6 7 8 9 10 | 10.0
Spellcasting   | 3 4 5 6 7 8 |  8.0
Armour         | 1 2 4 5 6 |  6.9
Shields        | 2 3 4 |  4.0
Dodging        | 2 4 |  4.0

Action                   |  1- 3 |  4- 6 |  7- 9 | 10-12 | 13-15 || total
-------------------------+-------+-------+-------+-------+-------++-------
Melee: Unarmed           |   148 |   215 |   437 |   578 |   205 ||  1583
       Kick              |    18 |     1 |     9 |    10 |       ||    38
       Headbutt          |       |    22 |    68 |   113 |    48 ||   251
       Punch             |       |     2 |    11 |    16 |     7 ||    36
 Cast: Beastly Appendage |    16 |     1 |     3 |     4 |       ||    24
       Sticks to Snakes  |       |     4 |       |     6 |       ||    10
       Spider Form       |       |     7 |    13 |     9 |       ||    29
       Blade Hands       |       |       |       |    22 |    16 ||    38
       Ice Form          |       |       |       |     6 |     1 ||     7
Invok: Heroism           |       |     1 |    10 |    30 |     5 ||    46
Evoke: Wand              |       |       |       |     8 |       ||     8
  Use: Potion            |     1 |     2 |       |     1 |       ||     4
       Scroll            |       |       |    17 |    10 |     4 ||    31
 Stab: Distracted        |       |     1 |       |     4 |       ||     5
       Sleeping          |       |       |     4 |       |       ||     4
  Eat: Chunk             |     4 |    10 |    19 |    31 |    11 ||    75
       Ration            |       |       |       |     4 |       ||     4
Armor: Robe              |    55 |    61 |    43 |       |       ||   159
       Skin              |       |    24 |     1 |     6 |     1 ||    32
       Ring mail         |       |       |    53 |   156 |    44 ||   253
Dodge: Dodged            |   109 |   159 |   257 |   291 |   100 ||   916
Block: Buckler           |       |       |       |    50 |    18 ||    68

Table legend:
 A = Spawn XP
 B = Non-spawn XP
 C = Spawn XP percentage of total XP
 D = Spawn monster count
 E = Non-spawn monster count
 F = Spawn count percentage of total count
 G = Total turns spent on level
                    A         B        C        D         E        F      G
               +---------+---------+-------+---------+---------+-------+---------
         Total |       0 |   58754 |   0.0 |       0 |     418 |   0.0 | 21532
               +---------+---------+-------+---------+---------+-------+---------
           D:1 |       0 |      34 |   0.0 |       0 |      18 |   0.0 |  1206
           D:2 |       0 |      40 |   0.0 |       0 |      12 |   0.0 |  1097
           D:3 |       0 |     285 |   0.0 |       0 |      46 |   0.0 |  1606
           D:4 |       0 |     419 |   0.0 |       0 |      16 |   0.0 |   991
           D:5 |       0 |     821 |   0.0 |       0 |      18 |   0.0 |  1525
           D:6 |       0 |     679 |   0.0 |       0 |      28 |   0.0 |   894
           D:7 |       0 |    1353 |   0.0 |       0 |      10 |   0.0 |   854
           D:8 |       0 |    1445 |   0.0 |       0 |      48 |   0.0 |  1081
           D:9 |       0 |    6666 |   0.0 |       0 |      50 |   0.0 |  2775
        Lair:1 |       0 |    2315 |   0.0 |       0 |       9 |   0.0 |   965
        Lair:2 |       0 |    3088 |   0.0 |       0 |      19 |   0.0 |  2222
        Lair:3 |       0 |    7009 |   0.0 |       0 |      24 |   0.0 |  2301
        Lair:4 |       0 |    6824 |   0.0 |       0 |      27 |   0.0 |  1029
        Lair:5 |       0 |    9069 |   0.0 |       0 |      27 |   0.0 |  1988
        Lair:6 |       0 |   18707 |   0.0 |       0 |      66 |   0.0 |   998
               +---------+---------+-------+---------+---------+-------+---------
